 Dungeon Crawl Stone Soup version 0.20.0-8-g6b59dc7 (webtiles) character file.

611 w00t the Conjurer (level 7, 0/47 HPs)
             Began as a Tengu Wanderer on May 31, 2017.
             Was an Initiate of Gozag.
             Slain by Grinder (4 damage)
             ... on level 6 of the Dungeon.
             The game lasted 00:10:40 (5217 turns).

w00t the Conjurer (Tengu Wanderer)                  Turns: 5217, Time: 00:10:41

Health: 0/47       AC:  6    Str: 14    XL:     7   Next: 44%
Magic:  8/8        EV:  9    Int: 13    God:    Gozag
Gold:   455        SH:  4    Dex: 13    Spells: 6/6 levels left

rFire    . . .     SeeInvis .   a - +2 dagger (freeze)
rCold    . . .     Gourm    +   i - +0 buckler
rNeg     . . .     Faith    .   F - +0 scale mail
rPois    +         Spirit   .   (helmet restricted)
rElec    .         Reflect  .   (no cloak)
rCorr    .         Harm     .   (no gloves)
MR       ++...                  (boots unavailable)
Stlth    ..........             r - amulet of the gourmand {Gourm, !d}
Regen    0.2/turn               k - ring of protection from magic {MR+, !d}
MPRegen  0.2/turn               n - ring of protection from magic {MR+, !d}

@: no status effects
A: beak, talons 3, sense surroundings 1, poison resistance, able to fly 1
a: Fly, Potion Petition, Call Merchant, Bribe Branch, Renounce Religion


You were on level 6 of the Dungeon.
You worshipped Gozag.
Gozag was aware of your devotion.
You were near starving.

You visited 1 branch of the dungeon, and saw 6 of its levels.

You collected 469 gold pieces.
You paid 14 gold pieces to Gozag.

Inventory:

Hand Weapons
 a - a +2 dagger of freezing (weapon)
Missiles
 m - 125 stones (quivered)
 p - 38 sling bullets
Armour
 i - a +0 buckler (worn)
 F - a +0 scale mail (worn)
Jewellery
 k - a ring of protection from magic (left hand) {MR+, !d}
 n - a ring of protection from magic (right hand) {MR+, !d}
 r - an amulet of the gourmand (around neck) {Gourm, !d}
 C - an uncursed ring of protection from cold {unknown}
Wands
 f - a wand of confusion (14/48)
 t - a wand of flame (28/48)
 u - a wand of polymorph (7/24)
 B - a wand of lightning (7/15)
Scrolls
 d - a scroll of fog {unknown}
 e - 2 scrolls of remove curse {@r2}
 h - 2 scrolls of teleportation
 j - 4 scrolls of identify {unknown}
 l - a scroll of enchant armour {unknown}
 s - 3 scrolls of magic mapping {unknown}
 y - a scroll of fear {unknown}
Potions
 o - 2 potions of mutation {!q}
 E - a potion of flight
Comestibles
 g - 6 fruits
 v - a meat ration
 w - a bread ration
 x - 2 royal jellies


   Skills:
 - Level 6.4 Fighting
 * Level 0.0 Short Blades
 - Level 3.1 Armour
 - Level 2.1 Dodging
 - Level 1.0 Stealth
 + Level 2.6 Shields
   Level 6.6 Conjurations
 - Level 1.0 Evocations


You had 6 spell levels left.
You didn't know any spells.

Dungeon Overview and Level Annotations

Branches:
Dungeon (6/15)             Temple (0/1) D:5

Altars:
Gozag
Sif Muna

Annotations:
D:3 exclusion: downstairs
D:6 Grinder


Innate Abilities, Weirdness & Mutations

You have a beak for a mouth.
You have claws for feet.
You can fly.
You passively map a small area around you.
Your system is resistant to poisons. (rPois)


Message History

You closely miss Grinder. Your kick misses Grinder.
Grinder is moderately wounded.
Grinder hits you.
* * * LOW HITPOINT WARNING * * *
You barely miss Grinder.
Grinder is moderately wounded.
Grinder hits you.
* * * LOW HITPOINT WARNING * * *
You hit Grinder but do no damage. You claw Grinder.
You peck Grinder, but do no damage.
Grinder is moderately wounded.
Grinder closely misses you.
You hit Grinder but do no damage. Your kick misses Grinder.
You peck Grinder, but do no damage.
Grinder is moderately wounded.
Grinder hits you.
* * * LOW HITPOINT WARNING * * *
You writhe in agony.
You die...
Your body crumbles into a pile of gold.

** * , $ ,
, * #* *+
* .## ,
,,* ..8# ,
..(# , *
###....#.*
,
#@5>.....
,
,#####....
, , . ** ,
* , ,* ,*
* , ,, , *
, , , 8 ,
* ,


You could see Grinder.

Vanquished Creatures
  Sigmund (D:3)
  The ghost of Prenthaom the Skirmisher, an amateur DrWr (D:4)
  A centaur zombie (D:3)
  An iguana (D:4)
  Jessica (D:3)
  Ijyb (D:3)
  Natasha (thrice) (D:2)
  A worker ant (D:4)
  3 adders
  2 dart slugs
  3 leopard geckos
  2 orcs
  7 bats
  5 giant cockroaches
  6 hobgoblins
  3 jackals (D:1)
  3 quokkas
  4 frilled lizards
  12 goblins
  14 kobolds
  9 rats
83 creatures vanquished.

Notes
Turn   | Place    | Note
-------+----------+-------------------------------------------
     0 | D:1      | w00t the Tengu Wanderer began the quest for the Orb.
     0 | D:1      | w00t set off with: a +2 leather armour, a potion of lignification {!q}, a potion of curing {@q1}, a +0 dagger, a bread ration
     0 | D:1      | Reached XP level 1. HP: 12/12 MP: 2/2
    66 | D:1      | Reached XP level 2. HP: 15/17 MP: 3/3
   562 | D:1      | Reached skill level 1 in Armour
   888 | D:1      | Reached XP level 3. HP: 22/22 MP: 4/4
   915 | D:2      | Noticed Natasha
   928 | D:2      | Killed Natasha
   928 | D:2      | Reached XP level 4. HP: 16/28 MP: 5/5
  1244 | D:2      | Noticed Natasha
  1274 | D:2      | Killed Natasha
  1463 | D:2      | Found an opulent altar of Gozag.
  1467 | D:2      | Noticed Natasha
  1476 | D:2      | Killed Natasha
  1476 | D:2      | Gained mutation: You can fly. [Tengu growth]
  1476 | D:2      | Reached XP level 5. HP: 26/33 MP: 6/6
  1745 | D:2      | Became a worshipper of Gozag Ym Sagoz the Greedy
  2430 | D:3      | Noticed Jessica
  2440 | D:3      | Killed Jessica
  2586 | D:3      | Noticed Ijyb
  2627 | D:3      | Gained mutation: You passively map a small area around you. [potion of mutation]
  2627 | D:3      | Gained mutation: Your system is resistant to poisons. (rPois) [potion of mutation]
  2632 | D:3      | Killed Ijyb
  2632 | D:3      | Reached XP level 6. HP: 20/40 MP: 7/7
  2975 | D:3      | Reached skill level 5 in Fighting
  3095 | D:3      | Noticed Sigmund
  3101 | D:3      | Killed Sigmund
  3101 | D:3      | Reached skill level 1 in Shields
  3574 | D:4      | Noticed Prenthaom's ghost (amateur DrWr)
  3929 | D:4      | Reached XP level 7. HP: 36/45 MP: 8/8
  4703 | D:4      | Killed Prenthaom's ghost
  5123 | D:5      | Entered Level 5 of the Dungeon
  5123 | D:5      | Found a staircase to the Ecumenical Temple.
  5182 | D:5      | Found a deep blue altar of Sif Muna.
  5204 | D:5      | Noticed Grinder
  5217 | D:6      | Slain by Grinder

Skill      XL: |  1  2  3  4  5  6  7 |
---------------+----------------------+-----
Fighting       | 2 3 4 5 6 |  6.4
Armour         | 1 2 3 |  3.1
Shields        | 2 |  2.6
Dodging        | |  2.1
Stealth        | |  1.0
Conjurations   | |  6.6
Evocations     | |  1.0

Action                   |  1- 3 |  4- 6 |  7- 9 || total
-------------------------+-------+-------+-------++-------
Melee: Dagger            |    77 |    48 |   111 ||   236
       Kick              |    10 |    48 |    14 ||    72
       Peck              |     8 |    35 |    19 ||    62
       Short sword       |       |   176 |    11 ||   187
Throw: Stone             |    40 |    30 |    18 ||    88
Invok: Potion Petition   |       |     1 |       ||     1
 Abil: Fly               |       |     1 |       ||     1
  Use: Potion            |     2 |     5 |     4 ||    11
       Scroll            |       |       |     2 ||     2
 Stab: Sleeping          |       |     3 |       ||     3
       Distracted        |       |     2 |       ||     2
  Eat: Chunk             |       |    10 |       ||    10
       Bread ration      |       |     1 |       ||     1
       Fruit             |       |       |     4 ||     4
Armor: Skin              |    13 |       |    28 ||    41
       Leather armour    |    19 |    51 |     2 ||    72
       Scale mail        |       |       |    10 ||    10
Dodge: Dodged            |    33 |   113 |    30 ||   176
Block: Buckler           |     7 |    33 |    10 ||    50
